 Dungeon Crawl Stone Soup version 0.21.1-1-g345015f (webtiles) character file.

63 Fortress the Firebug (level 3, -1/40 HPs)
             Began as a Draconian Fire Elementalist on June 7, 2018.
             Slain by a gnoll
             ... wielding a +0 spear
              (5 damage)
             ... on level 3 of the Dungeon.
             The game lasted 00:17:01 (2059 turns).

Fortress the Firebug (Draconian Fire Elementalist)  Turns: 2059, Time: 00:17:02

Health: -1/40      AC:  5    Str: 15    XL:     3   Next: 87%
Magic:  3/7        EV: 12    Int: 16    God:
Gold:   53         SH:  0    Dex: 11    Spells: 1/7 levels left

rFire    . . .     SeeInvis .   c - +0 short sword
rCold    . . .     Gourm    .   (no shield)
rNeg     . . .     Faith    .   (armour unavailable)
rPois    .         Spirit   .   (helmet restricted)
rElec    .         Reflect  .   (no cloak)
rCorr    .         Harm     .   (no gloves)
MR       .....                  (no boots)
Stlth    ..........             (no amulet)
HPRegen  0.13/turn              (no ring)
MPRegen  0.10/turn              (no ring)

@: berserking, very quick
A: unfitting armour, cold-blooded, AC +5
a: no special abilities


You were on level 3 of the Dungeon.
You were not hungry.

You visited 1 branch of the dungeon, and saw 3 of its levels.

You collected 53 gold pieces.

Inventory:

Hand Weapons
 c - a +0 short sword (weapon)
Missiles
 b - 26 sling bullets
 d - 42 arrows
 g - 73 stones (quivered)
 p - 6 needles of confusion
Jewellery
 m - an uncursed amulet of regeneration {unknown}
 o - an uncursed ring of positive energy {unknown}
Scrolls
 e - 2 scrolls of teleportation {unknown}
 h - 2 scrolls of identify {unknown}
 i - a scroll of magic mapping {unknown}
 k - a scroll of immolation {unknown}
 l - a scroll of remove curse {unknown}
Potions
 j - a potion of might {unknown}
Books
 a - a book of Flames

   Spells                             Type                      Level
   a - Flame Tongue                   Conjuration/Fire             1
   b - Throw Flame                    Conjuration/Fire             2
   c - Conjure Flame                  Conjuration/Fire             3
   d - Inner Flame                    Hexes/Fire                   3
   e - Sticky Flame                   Conjuration/Fire             4
   f - Fireball                       Conjuration/Fire             5
Comestibles
 n - 2 rations


   Skills:
 + Level 0.3 Fighting
 + Level 0.1 Short Blades
 - Level 2.0 Dodging
 - Level 2.4 Stealth
 + Level 2.6 Spellcasting
 + Level 1.4 Conjurations
 + Level 3.5 Fire Magic


You had one spell level left.
You knew the following spells:

 Your Spells              Type           Power        Failure   Level  Hunger
a - Flame Tongue          Conj/Fire      ##...        7%          1    #......
b - Throw Flame           Conj/Fire      ##....       11%         2    ##.....
c - Conjure Flame         Conj/Fire      ##......     21%         3    ###....


Dungeon Overview and Level Annotations

Branches:
Dungeon (3/15)

Altars:

Annotations:
D:2 Sigmund


Innate Abilities, Weirdness & Mutations

Your plain brown scales are hard. (AC +5)
You cannot fit into any form of body armour.
You are cold-blooded and may be slowed by cold attacks.


Message History

The gnoll hits you but does no damage.
You closely miss the gnoll. The gnoll misses you. x2
You hit the gnoll but do no damage.
Your tail-slap misses the gnoll.
The gnoll hits you with a whip.
The gnoll hits you from afar with a spear!
* * * LOW HITPOINT WARNING * * *
It was a potion of berserk rage.
A red film seems to cover your vision as you go berserk!
You feel yourself moving faster!
You feel mighty! The gnoll misses you. x2
You hit the gnoll but do no damage. You tail-slap the gnoll!
The gnoll is severely wounded.
The gnoll misses you.
You closely miss the gnoll.
The gnoll is severely wounded.
The gnoll barely misses you.
You hit the gnoll.
The gnoll is severely wounded.
The gnoll barely misses you.
The gnoll hits you from afar with a spear.
You die...

#.......######.##
#................##
####...............
#.........#...# #
#..######.#..# #.
#<.# ####.#..###
#.####).###....).....
#.##...........##...#
#.....).......@gg.(.#
########........#.#.#
#.....##.#.#.#
#........(...#
#.######.##### #.#
#.# #.# #.# #.# #.#


You could see 2 gnolls.

Vanquished Creatures
  A gnoll (D:3)
  A worm (D:2)
  2 dart slugs (D:1)
  A leopard gecko (D:1)
  2 giant cockroaches
  8 goblins
  3 hobgoblins
  4 jackals (D:1)
  6 kobolds
  A quokka (D:3)
  4 bats
  3 frilled lizards (D:2)
  6 rats
42 creatures vanquished.

Notes
Turn   | Place    | Note
-------+----------+-------------------------------------------
     0 | D:1      | Fortress the Draconian Fire Elementalist began the quest for the Orb.
     0 | D:1      | Reached XP level 1. HP: 14/14 MP: 3/3
   281 | D:2      | Reached XP level 2. HP: 20/20 MP: 5/5
   584 | D:1      | Reached XP level 3. HP: 21/26 MP: 0/6
  1427 | D:2      | Learned a level 2 spell: Throw Flame
  1431 | D:2      | Learned a level 3 spell: Conjure Flame
  1581 | D:2      | Noticed Sigmund
  1721 | D:2      | HP: 1/26 [Sigmund/scythe of freezing (8)]
  2059 | D:3      | Slain by a gnoll

Skill      XL: |  1  2 |
---------------+-------+-----
Stealth        | 2 |  2.4
Dodging        | 2 |  2.0
Fighting       | |  0.3
Short Blades   | |  0.1
Spellcasting   | |  2.6
Conjurations   | |  1.4
Fire Magic     | |  3.5

Action                   || total
-------------------------++-------
Melee: Short sword       ||    30
       Tailslap          ||     2
 Cast: Flame Tongue      ||    54
       Throw Flame       ||     8
       Conjure Flame     ||     1
  Use: Potion            ||     1
 Stab: Sleeping          ||     1
  Eat: Ration            ||     1
       Chunk             ||     1
Armor: Skin              ||    15
Dodge: Dodged            ||    32
